 Dungeon Crawl Stone Soup version 0.31.0-12-g77e489cdc1 (webtiles) character file.

Game seed: 8931512922175796019

8 Gadfly the Trooper (level 2, 11/24 HPs)
             Began as a Demonspawn Monk on Feb 11, 2024.
             Quit the game on level 1 of the Dungeon.
             The game lasted 00:00:15 (144 turns).

Gadfly the Trooper (Demonspawn Monk)                 Turns: 144, Time: 00:00:16

Health: 11/24      AC:  2    Str: 11    XL:     2   Next: 0%
Magic:  2/2        EV: 13    Int: 10    God:
Gold:   6          SH:  0    Dex: 15    Spells: 1/1 levels left

rFire   . .          .
                       - Unarmed
rCold   . . .        c - orb {light}
rNeg    . . .        a - +0 robe
rPois   .            (no helmet)
rElec   .            (no cloak)
rCorr   .            (no gloves)
SInv    .            (no boots)
Will    .....        (no amulet)
Stlth   +            (no ring)
HPRegen 0.24/turn    (no ring)
MPRegen 0.08/turn

%: no passive effects
@: glowing
A: sturdy frame 1
a: no special abilities


You were on level 1 of the Dungeon.
You visited 1 branch of the dungeon, and saw 1 of its levels.

You collected 6 gold pieces.

Inventory:

Armour
 a - a +0 robe (worn)
 c - an orb of light (worn)
Potions
 b - a potion of ambrosia


   Skills:
 - Level 3.0 Fighting
 + Level 2.7 Dodging
 * Level 2.9 Unarmed Combat
 * Level 0.6 Evocations
 * Level 0.4 Shapeshifting


You had one spell level left.
You didn't know any spells.
Your spell library contained the following spells:

 Spells                   Type           Power      Damage    Failure   Level
 Hailstorm                Conj/Ice       0%         3d5       75%         3
 Summon Ice Beast         Ice/Summ       0%         N/A       75%         3
 Sculpt Simulacrum        Ice/Alch       0%         N/A       100%        6


Dungeon Overview and Level Annotations

Branches:
Dungeon (1/15)

Altars:


Innate Abilities, Weirdness & Mutations

Your movements are slightly less encumbered by armour. (ER -2)


Message History

You hit the endoplasm.
The endoplasm is moderately wounded.
The endoplasm freezes you.
You are frozen.
You hit the endoplasm.
The endoplasm is heavily wounded.
The endoplasm closely misses you.
You hit the endoplasm.
The endoplasm is severely wounded.
The endoplasm hits you but does no damage.
You hit the endoplasm but do no damage.
The endoplasm is severely wounded.
The endoplasm freezes you.
You are frozen.
You hit the endoplasm.
The endoplasm is almost dead.
The endoplasm freezes you.
You are frozen.
You are too injured to fight recklessly!
You are too injured to fight recklessly!
You are too injured to fight recklessly!
You are too injured to fight recklessly!
You are too injured to fight recklessly!
You are too injured to fight recklessly!
You are too injured to fight recklessly!
You are too injured to fight recklessly!
You are too injured to fight recklessly!
You are too injured to fight recklessly!
You are too injured to fight recklessly!
You are too injured to fight recklessly!
You are too injured to fight recklessly!
You are too injured to fight recklessly!
You are too injured to fight recklessly!
Unknown command.
You hit the endoplasm.
You kill the endoplasm!
You have reached level 2!
Your demonic ancestry asserts itself...
You feel less encumbered by your armour.
Are you sure you want to abandon this character and quit the game? (Confirm with "yes".)

.# ..# .##.. #. ~ ....
.......####.# #~ ..#..
.... ......###~~ ...#
#.[# ##...>##~~~ .K#
#..# #...#.##.~#
#r##..##.#....##.~#
#@#..#.##...)...##
#.....# #....>....
##.#[..###.........
#..................
#.$.###....##.......†.
#### ##.##......#####
#.###...#.##P..
#.[.......#...P
######..#....♣.


You could see a kobold and a rat.

Vanquished Creatures
  An endoplasm (D:1)
  2 giant cockroaches (D:1)
  2 kobolds (D:1)
  A ball python (D:1)
  2 rats (D:1)
8 creatures vanquished.

Notes
Turn   | Place    | Note
-------+----------+-------------------------------------------
     0 | D:1      | Gadfly the Demonspawn Monk began the quest for the Orb.
     0 | D:1      | Reached XP level 1. HP: 18/18 MP: 1/1
   144 | D:1      | Gained mutation: Your movements are slightly less
                  | encumbered by armour. (ER -2) [demonic ancestry]
   144 | D:1      | Reached XP level 2. HP: 11/24 MP: 2/2
   144 | D:1      | Quit the game

Illustrated notes

Levels and vault maps discovered:
D:1:      dpeg_arrival_radiant, layout_loops_ring, serial_bayou_pond_a,
          chequers_serial_rivers_large_b, chequers_big_river, serial_park_tiny_2

Action                     || total
---------------------------++-------
  Melee: Unarmed           ||    36
 Armour: Robe              ||    13
  Dodge: Dodged            ||    23
